Map: Alcyone LE

Players

LiquidClem (Clem) - Winner!

  • Race: Terran Terran
  • League: Grandmaster
  • Spawn Location: 7:00

Lambo

  • Race: Zerg Zerg
  • League: Grandmaster
  • Spawn Location: 1:00

VOD

Have the link to the VOD?

Description

Time

  • Played on: June 11, 2024, 10:28 a.m.
  • Length: 9:54
Show
View Real Time Build Order
Export as new Build Order

LiquidClem Terran - Winner!

Build Orders: Liberator Opening, Reaper Expand 

Get SALT Encoding   

  12  0:00  SCV  
  13  0:12  SCV  
  14  0:17  Supply Depot  
  14  0:24  SCV  
  15  0:38  SCV  
  15  0:41  Barracks  
  16  0:42  Refinery  
  16  0:50  SCV  
  17  1:02  SCV  
  18  1:15  SCV  
  19  1:27  Reaper  
  19  1:28  Orbital Command  
  20  1:38  Command Center  
  20  1:47  Supply Depot  
  20  1:53  SCV  
  21  1:59  Marine  
  22  2:05  SCV  
  23  2:10  Factory  
  23  2:21  SCV, Barracks Reactor  
  24  2:33  SCV  
  25  2:37  Command Center  
  25  2:45  SCV  
  25  2:50  Orbital Command  
  26  2:57  SCV  
  27  3:04  Hellion x2  
  31  3:09  Starport  
  31  3:10  SCV  
  32  3:14  Refinery  
  32  3:16  SCV  
  33  3:22  SCV  
  33  3:26  Hellion x2  
  38  3:28  SCV  
  38  3:32  Barracks Tech Lab  
  39  3:35  SCV  
  39  3:40  SCV  
  41  3:47  Hellion x2  
  45  3:49  SCV  
  45  3:54  Liberator  
  50  3:55  Orbital Command  
  50  3:56  SCV  
  50  4:01  SCV  
  51  4:08  SCV, Hellion  
  51  4:09  Hellion  
  54  4:13  SCV  
  52  4:18  Supply Depot, Marine  
  52  4:20  SCV  
  52  4:22  SCV  
  55  4:25  SCV  
  55  4:26  Stimpack  
  56  4:33  SCV  
  56  4:34  SCV  
  56  4:37  SCV  
  56  4:38  Barracks  
  55  4:40  Marine, Barracks  
  55  4:41  Starport Reactor  
  55  4:44  Factory Reactor  
  55  4:45  SCV, Supply Depot  
  57  4:46  SCV  
  57  4:51  Refinery  
  58  4:53  Refinery  
  58  4:55  SCV  
  58  4:57  SCV, Engineering Bay  
  58  4:58  Orbital Command  
  60  5:01  Engineering Bay  
  60  5:03  Marine  
  60  5:07  SCV  
  62  5:09  Supply Depot, SCV  
  62  5:13  Barracks x2  
  63  5:19  SCV  
  65  5:21  SCV  
  65  5:24  SCV  
  65  5:25  Supply Depot  
  65  5:26  Terran Infantry Armor Level 1, Terran Infantry Weapons Level 1  
  65  5:27  Marine  
  67  5:28  Factory Reactor, Marine  
  67  5:29  Marine  
  67  5:31  SCV  
  67  5:32  Supply Depot  
  67  5:34  Marine x2  
  72  5:36  SCV  
  72  5:38  SCV  
  72  5:39  Medivac  
  76  5:43  Medivac  
  76  5:45  SCV, Supply Depot  
  76  5:46  Marine  
  76  5:48  Supply Depot  
  76  5:49  SCV  
  81  5:51  Marine  
  81  5:53  Marine  
  81  5:54  Marine x2  
  81  5:55  SCV  
  86  6:00  SCV  
  86  6:01  Supply Depot  
  86  6:02  Barracks Reactor x2  
  86  6:03  Marine  
  86  6:04  SCV  
  89  6:07  Widow Mine x2  
  89  6:09  Supply Depot  
  89  6:10  Combat Shield  
  93  6:12  Marine x2  
  93  6:13  Marine  
  93  6:14  SCV  
  93  6:17  SCV  
  98  6:20  SCV  
  98  6:22  Supply Depot  
  98  6:23  Marine x2  
  101  6:26  Armory  
  101  6:28  SCV  
  101  6:32  Command Center  
  102  6:37  SCV  
  102  6:39  Marine x7  
  110  6:43  SCV, Supply Depot  
  111  6:49  Widow Mine x2  
  111  6:50  Medivac x2  
  111  6:53  SCV x2  
  121  6:57  Factory  
  121  6:58  Marine  
  121  7:04  Marine  
  121  7:05  Marine x4, Refinery  
  121  7:07  Marine x2  
  128  7:10  Supply Depot, Widow Mine x2  
  128  7:12  Marine  
  133  7:16  Marine  
  133  7:17  Supply Depot  
  133  7:22  Supply Depot  
  134  7:24  Medivac x2  
  134  7:25  Marine x2  
  140  7:30  Marine x3  
  140  7:32  Marine x2  
  140  7:34  Terran Infantry Armor Level 2, Terran Infantry Weapons Level 2  
  145  7:41  Factory Tech Lab  
  145  7:42  Supply Depot, Marine x4  
  149  7:45  SCV x3  
  149  7:46  Widow Mine  
  154  7:54  Barracks  
  154  7:56  Barracks x2  
  154  8:02  Marine, Widow Mine  
  154  8:03  Marine  
  150  8:06  Medivac, Marine  
  150  8:07  Marine x4, Widow Mine  
  150  8:10  Marine  
  158  8:15  Widow Mine  
  158  8:16  Marine  
  158  8:17  Medivac  
  147  8:20  SCV, Marine  
  147  8:21  Marine  
  147  8:23  Widow Mine  
  147  8:24  Marine x4  
  156  8:28  Widow Mine  
  156  8:31  Planetary Fortress  
  156  8:35  Marine x2  
  156  8:36  SCV x2, Medivac, Hellion  
  156  8:37  Marine  
  156  8:38  SCV  
  156  8:40  Marine  
  156  8:41  Barracks Tech Lab  
  157  8:45  Widow Mine  
  157  8:48  SCV  
  154  8:50  Widow Mine  
  154  8:51  Marine x4  
  154  8:52  Barracks Tech Lab x2  
  154  8:53  Marine x3  
  154  8:54  SCV  
  156  8:57  Marine  
  156  8:58  Marine, Widow Mine  
  156  8:59  Medivac, Marine  
  156  9:02  SCV  
  152  9:06  Medivac, Widow Mine  
  152  9:08  Marine  
  153  9:10  Missile Turret  
  153  9:11  Widow Mine  
  153  9:12  Missile Turret  
  153  9:13  SCV, Missile Turret x2  
  153  9:14  Missile Turret  
  153  9:16  Missile Turret, Marine x2  
  140  9:17  Marine x2  
  140  9:18  Marine  
  140  9:19  Widow Mine  
  140  9:22  Marine x2  
  141  9:25  Marine  
  141  9:29  Marauder x2, Marine  
  147  9:32  Marine  
  147  9:35  Marine  
  162  9:47  Command Center  
Show
View Real Time Build Order
Export as new Build Order

Lambo Zerg 

Build Orders: Hatch First 

Get SALT Encoding   

  12  0:00  Drone  
  13  0:13  Overlord  
  13  0:17  Drone  
  14  0:31  Drone x2  
  16  0:48  Hatchery  
  15  0:51  Drone  
  15  0:54  Drone  
  17  0:58  Drone  
  18  1:08  Extractor  
  17  1:13  Spawning Pool  
  17  1:16  Drone  
  17  1:19  Drone  
  18  1:28  Drone  
  19  1:39  Drone  
  20  1:49  Drone  
  21  2:00  Queen x2  
  21  2:01  Zergling x4  
  27  2:11  Drone  
  28  2:15  Hatchery  
  28  2:20  Overlord  
  27  2:24  Drone  
  28  2:36  Drone  
  28  2:39  Queen  
  29  2:44  Overlord, Drone  
  29  2:46  Metabolic Boost  
  30  2:52  Drone  
  30  2:53  Drone  
  32  2:59  Zergling x2, Drone  
  32  3:03  Queen  
  36  3:06  Drone  
  36  3:10  Zergling x2  
  38  3:15  Drone x3  
  38  3:19  Drone  
  42  3:20  Overlord  
  42  3:25  Drone  
  43  3:30  Overlord  
  43  3:37  Drone x2  
  43  3:40  Queen  
  43  3:41  Queen  
  49  3:44  Overlord  
  49  3:46  Drone  
  49  3:47  Drone  
  51  3:52  Drone x3  
  53  3:56  Drone x2  
  53  4:03  Drone x4  
  55  4:10  Zergling x4  
  55  4:11  Spore Crawler  
  55  4:16  Drone  
  54  4:18  Spore Crawler  
  54  4:22  Drone x2  
  51  4:26  Drone x4  
  57  4:34  Drone x2  
  57  4:36  Drone  
  60  4:43  Drone x2  
  62  4:45  Queen  
  62  4:47  Drone  
  65  4:53  Spore Crawler  
  65  4:54  Lair  
  65  4:55  Zergling x4  
  66  5:01  Queen, Drone x6  
  66  5:05  Overlord  
  66  5:06  Spore Crawler  
  73  5:09  Zergling x2  
  74  5:16  Overlord  
  74  5:17  Overlord  
  74  5:22  Extractor x2  
  74  5:23  Extractor, Drone x2  
  74  5:25  Drone x2  
  74  5:28  Drone x4  
  79  5:31  Drone  
  80  5:36  Extractor x2, Drone x3  
  80  5:37  Drone  
  80  5:38  Baneling Nest  
  80  5:40  Drone  
  82  5:43  Hatchery  
  82  5:44  Drone x4  
  82  5:48  Drone  
  86  5:51  Drone  
  86  5:54  Drone  
  88  6:00  Drone x3  
  88  6:02  Overlord, Spire  
  88  6:04  Drone  
  91  6:09  Drone  
  91  6:11  Overlord x2  
  92  6:14  Overlord  
  92  6:15  Overlord  
  92  6:19  Overlord  
  92  6:22  Centrifugal Hooks  
  93  6:25  Zergling x4  
  93  6:28  Evolution Chamber  
  93  6:30  Zergling x8, Evolution Chamber  
  93  6:31  Hatchery  
  93  6:32  Baneling x4  
  95  6:35  Zergling x6  
  95  6:36  Zergling x2  
  95  6:38  Zergling x4  
  101  6:41  Baneling x2  
  101  6:45  Zergling x10  
  106  6:51  Zergling x2  
  107  6:57  Baneling  
  105  7:01  Zergling x14  
  105  7:03  Drone x3  
  105  7:05  Zerg Melee Weapons Level 1, Zerg Ground Armor Level 1  
  115  7:11  Overlord  
  115  7:13  Drone x2  
  117  7:15  Extractor  
  117  7:17  Overlord  
  112  7:27  Mutalisk x9  
  129  7:37  Mutalisk  
  129  7:38  Extractor  
  129  7:40  Zergling x14  
  137  7:45  Baneling x4  
  137  7:51  Mutalisk x2  
  137  7:53  Baneling x2  
  137  7:55  Zergling x2  
  140  8:02  Overlord  
  140  8:03  Overlord  
  134  8:06  Overlord  
  134  8:07  Overlord  
  130  8:15  Zergling x28  
  141  8:21  Mutalisk x5  
  141  8:26  Zergling x10  
  154  8:28  Zergling x2  
  154  8:29  Zergling x4  
  148  8:42  Overlord  
  148  8:43  Overseer  
  148  8:44  Pneumatized Carapace  
  148  8:46  Queen  
  133  8:57  Mutalisk x5  
  129  9:03  Zergling x2  
  129  9:04  Zergling x20  
  129  9:06  Mutalisk  
  137  9:13  Zergling x2  
  137  9:14  Zergling x8  
  136  9:21  Zergling x2  
  135  9:26  Zergling x20  
  145  9:34  Baneling  
  145  9:35  Baneling x8  
  145  9:38  Overseer  
Tags
 
Add a new tag
Caveats
  • Supply blocks, unpowered buildings, or Contaminate may cause inaccurate times.
  • Supply counts are checked every 10 seconds.